 Dungeon Crawl Stone Soup version 0.29.0-4-gdea44cf6ec (webtiles) character file.

Game seed: 15783596157662672051

45 112233 the Scratcher (level 3, 0/16 HPs)
             Began as a Felid Transmuter on Aug 27, 2022.
             Slain by a gnoll
             ... wielding a +0 flail
              (3 damage)
             ... on level 1 of the Dungeon.
             The game lasted 00:01:35 (1962 turns).

112233 the Scratcher (Felid Transmuter)             Turns: 1962, Time: 00:01:36

Health: 0/16       AC:  1    Str:  6    XL:     3   Next: 42%
Magic:  6/7        EV: 18    Int: 16    God:
Gold:   74         SH:  0    Dex: 16    Spells: 3/6 levels left
                                        Lives:  0   Deaths: 0

rFire   . . .      SeeInvis +     - Unarmed
rCold   . . .      Faith    .   (shield unavailable)
rNeg    . . .      Spirit   .   (body armour unavailable)
rPois   .          Reflect  .   (helmet unavailable)
rElec   .          Harm     .   (cloak unavailable)
rCorr   .          Rampage  .   (gloves unavailable)
Will    .....                   (boots unavailable)
Stlth   +.........              (no amulet)
HPRegen 0.05/turn               (no ring)
MPRegen 0.10/turn               (no ring)

@: appendages, quick
A: horns 2, very small, claws 1, fangs 3, see invisible, speed 1, shaggy fur 1,
stealthy paws, no weapons or thrown items, no armour, multi-lived
a: End Transformation


You were on level 1 of the Dungeon.
You had temporarily grown beastly horns.
You visited 1 branch of the dungeon, and saw 2 of its levels.

You collected 74 gold pieces.

Inventory:

Scrolls
 b - a scroll of teleportation {unknown}
 e - 2 scrolls of amnesia {unknown}
 g - a scroll of poison {unknown}
Potions
 a - 2 potions of lignification
 c - a potion of attraction {unknown}
 d - a potion of curing {unknown}
 f - a potion of cancellation {unknown}
 h - a potion of degeneration {unknown}


   Skills:
 + Level 1.7 Fighting
 + Level 3.4 Dodging
 * Level 3.6 Unarmed Combat
 - Level 2.1 Spellcasting
 - Level 2.3 Transmutations


You had 3 spell levels left.
You knew the following spells:

 Your Spells              Type           Power      Damage    Failure   Level
a - Beastly Appendage     Tmut           18%        N/A       8%          1
b - Wereblood             Tmut           9%         N/A       12%         2

Your spell library contained the following spells:

 Spells                   Type           Power      Damage    Failure   Level
 Spider Form              Tmut/Pois      5%         N/A       36%         3
 Ice Form                 Ice/Tmut       5%         N/A       77%         4


Dungeon Overview and Level Annotations

Branches:
Dungeon (2/15)

Altars:

Annotations:
D:1 exclusion: downstairs


Innate Abilities, Weirdness & Mutations

You have temporarily grown beastly horns.
You have sharp claws.
You have razor-sharp teeth.
You have supernaturally acute eyesight. (SInv)
You cover ground quickly. (Speed+)
You are covered in fur. (AC +1)
Your paws help you pounce on unaware monsters.
You are incapable of wielding weapons or throwing items.
You cannot wear armour.
You gain extra lives every three experience levels.


Message History

Unknown command.
Unknown command.
Unknown command.
Unknown command.
Unknown command.
You start resting.
Unknown command.
You start resting.
HP restored.
You start waiting.
Unknown command.
Memorise Wereblood, consuming 2 spell levels and leaving 3?
You start memorising the spell.
You continue memorising. x2
You finish memorising.
Spell assigned to 'b'.
Unknown command.
Unknown command.
You climb downwards.
There is a stone staircase leading up here.
Unknown command.
Unknown command.
The gnoll barely misses you.
You climb upwards.
Level annotation: exclusion: downstairs
There is a stone staircase leading down here.
Unknown command.
Casting: Beastly Appendage (safe; 8% risk of failure)
Confirm with . or Enter, or press ? or * to list all spells.
You grow a pair of large bovine horns.
The gnoll hits you with a +0 flail. The gnoll barely misses you.
Unknown command.
Unknown command.
You claw the gnoll! Your claw misses the gnoll.
The gnoll is heavily wounded.
The gnoll hits you with a +0 flail!
Ouch! That really hurt!
* * * LOW HITPOINT WARNING * * *
You closely miss the gnoll.
The gnoll is heavily wounded.
The gnoll hits you with a +0 flail.
You die...

..............##........########
#############.##........#......##
~~## #.#######'###........ .~~#
#...## #........##..# ..~#
####'#..###......(####.. ~.~#####
#....##..##)>.....## ##. ~.~#...#
#....#8..8#........## #.
~.~#.#.###...........'####...###.
..~#.#..........@g..#.# ##.#.....
.~~#.#........#8..8##.###..#.....
~~~#.#........##..###.##.....###.
~~.#.#.....########.#.##....## #.
..8..#.######.........##...## ##.
##...#.# #........#.####...####..
###..#.###........#.........##..#
.....#.#.)........#####..........
###..#.#.#........# #.......)..


You could see a gnoll.

Vanquished Creatures
  A gnoll (D:1)
  2 dart slugs (D:1)
  5 ball pythons
  3 endoplasms
  A giant cockroach (D:1)
  2 goblins (D:1)
  5 hobgoblins (D:1)
  2 quokkas (D:1)
  3 bats (D:1)
  2 frilled lizards (D:1)
  2 rats (D:1)
28 creatures vanquished.

Notes
Turn   | Place    | Note
-------+----------+-------------------------------------------
     0 | D:1      | 112233 the Felid Transmuter began the quest for the Orb.
     0 | D:1      | Reached XP level 1. HP: 9/9 MP: 4/4
    91 | D:1      | Found a faded altar of an unknown god.
   317 | D:1      | Reached XP level 2. HP: 9/12 MP: 4/6
  1142 | D:1      | Reached XP level 3. HP: 6/15 MP: 7/7
  1955 | D:1      | Learned a level 2 spell: Wereblood
  1962 | D:1      | Slain by a gnoll

Illustrated notes

Levels and vault maps discovered:
D:1:      psy_arrival_whirlpool, layout_basic, basic_ecumenical_altar,
          st_stairs_6, palyth_stone_intersect, minmay_tetromino_l4
D:2:      layout_basic

Skill      XL: |  1  2 |
---------------+-------+-----
Dodging        | 3 |  3.4
Fighting       | |  1.7
Unarmed Combat | |  3.6
Spellcasting   | |  2.1
Transmutations | |  2.3

Action                   || total
-------------------------++-------
Melee: Unarmed           ||    67
       Headbutt          ||     9
       Bite              ||     5
       Punch             ||     2
 Cast: Beastly Appendage ||    19
Armor: Skin              ||     5
Dodge: Dodged            ||    61
